 Dungeon Crawl Stone Soup version 0.18.1-48-g4cf74bf (webtiles) character file.

127 Quiv the Shield-Bearer (level 5, -5/42 HPs)
             Began as a Formicid Fighter on Aug 11, 2016.
             Was an Initiate of Makhleb.
             Slain by an orc warrior
             ... wielding a +0 trident of venom
              (15 damage)
             ... on level 3 of the Dungeon.
             The game lasted 00:27:15 (1802 turns).

Quiv the Shield-Bearer (Formicid Fighter)           Turns: 1802, Time: 00:27:15

Health: -5/42      AC:  7    Str: 21    XL:     5   Next: 33%
Magic:  5/5        EV:  8    Int:  8    God:    Makhleb [......]
Gold:   126        SH:  9    Dex: 10    Spells: 0 memorised, 4 levels left

rFire  . . .     SeeInvis +     a - +2 trident
rCold  . . .     Gourm    .     b - +0 scale mail
rNeg   . . .     Faith    .     c - +0 shield
rPois  .         Spirit   .     (helmet unavailable)
rElec  .         Dismiss  .     (no cloak)
rCorr  +         Reflect  .     (no gloves)
SustAt .         Harm     .     (no boots)
MR     .....                    l - amulet of inaccuracy (curse)
Stlth  ..........               (no ring)
                                j - ring of resist corrosion

@: lethally poisoned (-5 -> -18), not resistant to hostile enchantments,
extremely unstealthy
A: permanent stasis, dig shafts and tunnels, four strong arms, antennae 3
a: Dig, Shaft Self, Renounce Religion


You were on level 3 of the Dungeon.
You worshipped Makhleb.
Makhleb was noncommittal.
You were not hungry.

You visited 1 branch of the dungeon, and saw 3 of its levels.

You collected 126 gold pieces.

Inventory:

Hand Weapons
 a - a +2 trident (weapon)
 e - a +0 flail
 i - a +2 quarterstaff of draining
Missiles
 h - 4 needles of sleeping
 o - 7 tomahawks (quivered)
Armour
 b - a +0 scale mail (worn)
 c - a +0 shield (worn)
Jewellery
 j - a ring of resist corrosion (left hand)
 l - a cursed amulet of inaccuracy (around neck)
Scrolls
 m - a scroll of identify
Potions
 d - a potion of might
Comestibles
 f - a bread ration
 g - 3 fruits
 k - a meat ration
 n - a slice of pizza
 p - 2 chunks of flesh


   Skills:
 + Level 3.7 Fighting
 + Level 2.6 Polearms
 + Level 4.1 Armour
 + Level 1.3 Dodging
 + Level 0.6 Stealth
 + Level 4.7 Shields


You had 4 spell levels left.
You didn't know any spells.

Dungeon Overview and Level Annotations

Branches:
Dungeon (3/15)

Altars:
Makhleb
Vehumet


Innate Abilities, Weirdness & Mutations

You are under a permanent stasis effect.
You can dig through walls and to a lower floor.
Your four strong arms can wield two-handed weapons with a shield.
You have a pair of large antennae on your head (SInv).


Message History

You puncture the orc!
You kill the orc!
Makhleb accepts your kill.
The orc warrior hits you from afar with a trident of venom!!
Drink which item? (? for menu, Esc to quit)
Okay, then.
Read which item? (? for menu, Esc to quit)
Okay, then.
There is an open door here.
The orc warrior hits you with a trident of venom.
You are poisoned.
You barely miss the orc warrior.
You feel sick.
The orc warrior hits you with a trident of venom!
* * * LOW HITPOINT WARNING * * *
You are lethally poisoned!
You miss the orc warrior.
* * * LOW HITPOINT WARNING * * *
You feel sick.
The orc warrior hits you with a trident of venom!
You die...

### # #.. .. #.# ... #.#
.... #.# .....
###########.#......
#....o....o.(......
#.##.o#####.#......
#>###@# #.# .....
#.###'### #.# .o.. #. #.#
#.#.....# #.# ##. #.##.##
#.#.....# #.. #.#...#
#.#..(..# ### #.....#
#.#.....#
###.....######.≈(≈.######
.....>..#......≈.≈......#
#.>...#....≈≈8.8≈≈....#


You could see an orc warrior and an orc.

Vanquished Creatures
  A hound (D:2)
  2 adders (D:2)
  A gnoll (D:1)
  2 oozes
  2 dart slugs
  A giant gecko (D:3)
  2 orcs (D:3)
  4 giant cockroaches
  10 goblins
  9 hobgoblins
  3 jackals (D:2)
  A quokka (D:2)
  3 bats (D:2)
  4 giant newts
  3 kobolds
  3 rats
51 creatures vanquished.

Notes
Turn   | Place    | Note
--------------------------------------------------------------
     0 | D:1      | Quiv the Formicid Fighter began the quest for the Orb.
     0 | D:1      | Reached XP level 1. HP: 18/18 MP: 1/1
    83 | D:1      | Reached XP level 2. HP: 16/24 MP: 2/2
   335 | D:1      | Reached XP level 3. HP: 29/29 MP: 3/3
   859 | D:2      | Reached XP level 4. HP: 35/35 MP: 4/4
  1052 | D:2      | Found a burning altar of Makhleb.
  1061 | D:2      | Reached skill level 1 in Dodging
  1104 | D:2      | Reached XP level 5. HP: 42/42 MP: 5/5
  1168 | D:2      | Found a burning altar of Makhleb.
  1176 | D:2      | Found a radiant altar of Vehumet.
  1195 | D:2      | Became a worshipper of Makhleb the Destroyer
  1782 | D:3      | Noticed an orc warrior
  1802 | D:3      | Slain by an orc warrior

Skill      XL: |  1  2  3  4 |
---------------+-------------+-----
Shields        | 4 |  4.7
Armour         | 4 |  4.1
Dodging        | 1 |  1.3
Fighting       | |  3.7
Polearms       | |  2.6
Stealth        | |  0.6

Action                   |  1- 3 |  4- 6 || total
-------------------------+-------+-------++-------
Melee: Trident           |   114 |    89 ||   203
Throw: Tomahawk          |       |     1 ||     1
  Use: Scroll            |     3 |     5 ||     8
       Potion            |       |     5 ||     5
  Eat: Chunk             |       |     3 ||     3
Armor: Scale mail        |    24 |    26 ||    50
Dodge: Dodged            |    29 |    28 ||    57
Block: Shield            |    44 |    47 ||    91
